AoeStats
← gokhandg100

Black Forest

510130248Analyzed
3v3 RM · 2d ago on Sep 29, 2026· 52m 56s· 6 players
Game mode
Random Map
Map size
Normal (6 player)
Population
200
Speed
Normal
Resources
Standard
Victory
Conquest
Starting age
Dark Age
Ending age
Imperial Age
RankedLock teamsTeams togetherTeam positionsShared explorationLock speedFull tech treeHidden civsTurbo modeCheats
Victory
Defeat
🇧🇷 Byzantines · Brazil
720
+10
🇧🇷 Britons · Brazil
642
+13
🇹🇷 Burgundians · Türkiye
568
+15
🇬🇧 Lithuanians · United Kingdom
588
-13
🇨🇿 Romans · Czechia
588
-13
🇨🇿 Bohemians · Czechia
562
-12
Marryhuan84
4:14 Loom
4:38 Loom
11:02 Feudal Age
12:26 Wheelbarrow
11:46 Double-Bit Axe
14:30 Wheelbarrow
24:38 Castle Age
22:42 Gold Mining
22:46 Stone Mining
22:40 Horse Collar
24:17 Scale Barding Armor
24:23 Forging
24:14 Scale Mail Armor
24:17 Padded Archer Armor
25:33 Bow Saw
25:44 Hand Cart
26:21 Caravan
28:09 Hill Forts
30:55 Chain Mail Armor
31:16 Iron Casting
31:05 Chain Barding Armor
31:23 Iron Casting
31:46 Heavy Plow
32:50 Treadmill Crane
33:23 Masonry
33:30 Fortified Wall
36:27 Stone Shaft Mining
39:00 Imperial Age
37:50 Chain Mail Armor
38:57 Husbandry
39:08 Bloodlines
40:48 Conscription
41:22 Elite Leitis
43:57 Man-at-Arms
45:01 Tower Shields
44:44 Long Swordsman
46:45 Plate Barding Armor
46:57 Crop Rotation
46:41 Two-Handed Swordsman
48:08 Champion
Dvor9269
0:50 Loom
17:23 Feudal Age
17:54 Double-Bit Axe
18:01 Horse Collar
21:37 Stone Mining
21:41 Gold Mining
27:51 Castle Age
29:04 Bow Saw
29:50 Gold Shaft Mining
29:25 Heavy Plow
37:29 Squires
36:50 Man-at-Arms
36:52 Pikeman
37:38 Scale Mail Armor
37:44 Scale Barding Armor
37:50 Forging
38:08 Long Swordsman
39:57 Chain Mail Armor
40:03 Chain Barding Armor
44:21 Imperial Age
nLife GScott
0:30 Loom
14:41 Feudal Age
15:34 Horse Collar
15:41 Double-Bit Axe
29:40 Castle Age
30:50 Bow Saw
30:43 Heavy Plow
30:47 Caravan
37:36 Imperial Age
40:37 Chemistry
39:57 Ballistics
39:47 Siege Engineers
39:26 Elite Hussite Wagon
40:29 Conscription
48:22 Houfnice
Tompzera
0:36 Loom
13:01 Feudal Age
13:33 Double-Bit Axe
14:26 Wheelbarrow
13:50 Horse Collar
19:35 Castle Age
19:02 Stone Mining
21:00 Hand Cart
20:54 Treadmill Crane
21:09 Gold Mining
24:42 Heavy Plow
25:28 Fletching
29:05 Town Watch
32:31 Bodkin Arrow
34:07 Gold Shaft Mining
36:58 Imperial Age
34:58 Scale Barding Armor
35:03 Forging
35:25 Caravan
35:27 Man-at-Arms
35:53 Gambesons
36:24 Pikeman
36:26 Long Swordsman
37:45 Onager
38:27 Two-Handed Swordsman
39:31 Bracer
40:46 Chemistry
41:29 Iron Casting
41:16 Chain Barding Armor
40:26 Cavalier
40:29 Light Cavalry
42:49 Warwolf
43:14 Yeomen
43:12 Scale Mail Armor
44:14 Blast Furnace
44:05 Champion
44:06 Halberdier
44:20 Cavalier
48:01 Conscription
47:59 Husbandry
48:27 Bow Saw
49:57 Elite Longbowman
51:22 Town Patrol
51:40 Chain Mail Armor
52:00 Plate Barding Armor
51:26 Padded Archer Armor
Pica das Galaxias
0:46 Loom
14:13 Feudal Age
16:47 Wheelbarrow
19:25 Castle Age
18:14 Double-Bit Axe
18:29 Horse Collar
24:42 Bow Saw
27:33 Heavy Plow
27:27 Stone Mining
27:42 Gold Mining
33:16 Imperial Age
31:07 Arson
31:23 Squires
32:43 Stone Shaft Mining
32:45 Gold Shaft Mining
33:32 Forging
33:13 Fletching
33:24 Murder Holes
33:11 Treadmill Crane
33:56 Husbandry
33:16 Light Cavalry
34:28 Conscription
35:37 Two-Man Saw
35:59 Chemistry
34:38 Capped Ram
36:36 Crop Rotation
36:30 Bodkin Arrow
37:11 Iron Casting
36:06 Pikeman
37:28 Heavy Camel Rider
37:58 Halberdier
38:29 Crossbowman
42:18 Elite Varangian Guard
43:35 Thumb Ring
42:50 Arbalester
42:51 Elite Skirmisher
44:51 Scale Mail Armor
44:57 Scale Barding Armor
44:52 Padded Archer Armor
44:53 Bracer
47:42 Hand Cart
49:45 Chain Mail Armor
49:45 Leather Archer Armor
49:51 Chain Barding Armor
49:38 Elite Cataphract
50:19 Greek Fire
50:30 Logistica
51:04 Hoardings
51:08 Man-at-Arms
51:33 Gambesons
gokhandg100
12:47 Feudal Age
14:50 Wheelbarrow
14:09 Horse Collar
16:43 Hand Cart
17:09 Double-Bit Axe
21:55 Gold Mining
21:55 Stone Mining
24:17 Castle Age
27:36 Bow Saw
27:32 Heavy Plow
29:49 Forging
29:41 Scale Mail Armor
29:48 Scale Barding Armor
31:29 Iron Casting
34:54 Chain Mail Armor
34:43 Padded Archer Armor
34:34 Fletching
35:22 Gold Shaft Mining
35:23 Stone Shaft Mining
36:26 Crop Rotation
37:03 Two-Man Saw
36:36 Loom
39:08 Burgundian Vineyards
39:41 Ballistics
39:11 Town Watch
41:11 Chain Barding Armor
41:07 Leather Archer Armor
40:47 Bodkin Arrow
44:46 Imperial Age
42:01 Elite Skirmisher
45:24 Imperial Age
45:49 Elite Coustillier
45:59 Flemish Revolution
46:00 Sappers
47:06 Hoardings
46:52 Conscription
Connection lost

Rejoining the realm…

Still unreachable

The connection could not be restored.

Session expired

The server has moved on; the page needs a fresh start.